 Dungeon Crawl Stone Soup version 0.26-a0-540-g8a0c9464d7 (webtiles) character file.

Game seed: 2248427502531804916

8 Lanoc the Sneak (level 2, -7/27 HPs)
             Began as a Minotaur Delver on Aug 16, 2020.
             Mangled by a centaur (8 damage)
             ... on level 5 of the Dungeon.
             The game lasted 00:00:13 (21 turns).

Lanoc the Sneak (Minotaur Delver)                     Turns: 21, Time: 00:00:13

Health: -7/27      AC:  3    Str: 16    XL:     2   Next: 0%
Magic:  1/1        EV: 12    Int:  7    God:
Gold:   6          SH:  0    Dex: 11    Spells: 1/1 levels left

rFire    . . .     SeeInvis .   a - +0 hand axe
rCold    . . .     Faith    .   (no shield)
rNeg     . . .     Spirit   .   b - +0 leather armour
rPois    .         Reflect  .   (helmet restricted)
rElec    .         Harm     .   (no cloak)
rCorr    .                      (no gloves)
MR       .....                  (no boots)
Stlth    ++........             (no amulet)
HPRegen  0.09/turn              (no ring)
MPRegen  0.07/turn              (no ring)

@: no status effects
A: retaliatory headbutt, horns 2
a: no special abilities


You were on level 5 of the Dungeon.
You visited 1 branch of the dungeon, and saw 1 of its levels.

You collected 6 gold pieces.

Inventory:

Hand Weapons
 a - a +0 hand axe (weapon)
Armour
 b - a +0 leather armour (worn)
Wands
 g - a wand of digging (3)
Scrolls
 c - a scroll of fog
 d - a scroll of magic mapping
 e - a scroll of fear
Potions
 f - a potion of haste


   Skills:
 + Level 3.8 Fighting
 * Level 2.9 Axes
 + Level 2.4 Dodging
 - Level 4.1 Stealth


You had one spell level left.
You didn't know any spells.
Your spell library was empty.

Dungeon Overview and Level Annotations

Branches:
Dungeon (5/15)
 Temple: D:4-7

Altars:


Innate Abilities, Weirdness & Mutations

You reflexively headbutt those who attack you in melee.
You have a pair of horns on your head.


Message History

The centaur closely misses you. You furiously retaliate!
You headbutt the centaur, but do no damage.
You hear an angry hiss.
You hear a shout!
You hit the centaur.
You headbutt the centaur, but do no damage.
The centaur is almost dead.
You miss the adder. You hit the howler monkey. The adder barely misses you.
You furiously retaliate!
You headbutt the adder! The centaur barely misses you.
The howler monkey closely misses you. The adder bites you.
* * * LOW HITPOINT WARNING * * *
A centaur comes into view.
You completely miss the centaur.
You headbutt the centaur, but do no damage.
The centaur is almost dead.
You barely miss the howler monkey. You hit the adder.
You closely miss the centaur. The centaur closely misses you.
The howler monkey hits you.
* * * LOW HITPOINT WARNING * * *
The centaur hits you!
You die...

##...#...# # ##........#
.# ### #..(......# ..# .
.... #.........##.##..
#..###......$..!......
#......>.....#.#.#.#.
###.[.#..............
#.......##.....c#S......
..#).##........#@hZ..>..
## ##......###cZ.....
....##.... l......
..........#...h...
..................
...... .#.#.#. .##.
...#... ..## ..


You could see 2 centaurs, a howler monkey (catching breath), a hound, an adder,
a centaur zombie, a leopard gecko and a centaur skeleton.

Vanquished Creatures
  A shadow imp (D:5)
1 creature vanquished.

Notes
Turn   | Place    | Note
-------+----------+-------------------------------------------
     0 | D:5      | Lanoc the Minotaur Delver began the quest for the Orb.
     0 | D:5      | Reached XP level 1. HP: 19/19 MP: 0/0
     9 | D:5      | Noticed a howler monkey
     9 | D:5      | Noticed a centaur
    12 | D:5      | Reached XP level 2. HP: 25/27 MP: 1/1
    20 | D:5      | Noticed a centaur
    21 | D:5      | HP: 1/27 [howler monkey (2)]
    21 | D:5      | Mangled by a centaur

Illustrated notes

Levels and vault maps discovered:
D:5:      layout_rooms, vehumet_crystals, minmay_temple_entry_antechambers,
          st_stairs_4, elyvilon_altar_4

Action                   || total
-------------------------++-------
Melee: Hand axe          ||     9
       Headbutt          ||     4
Armor: Leather armour    ||     1
Dodge: Dodged            ||    15

Table legend: (Time is in decaauts)
 A = Elapsed time spent in this place.
 B = Non-inter-level travel time spent in this place.
 C = Inter-level travel time spent in this place.
 D = Time resting spent in this place.
 E = Time spent auto-exploring this place.
 F = Levels seen in this place.
 G = Mean time per level.
                   A        B        C        D        E       F      G
               +--------+--------+--------+--------+--------+-----+--------+
         Total |     22 |     22 |      0 |      0 |      6 |   1 |   22.0 |
       Dungeon |     22 |     22 |      0 |      0 |      6 |   1 |   22.0 |
               +--------+--------+--------+--------+--------+-----+--------+

Top non-repeatable levels by time:
     D:5: 22 daAuts
